 Dungeon Sprint DCSS version 0.29.1-4-g47bece8355 (webtiles) character file.

Game seed: 13136593053657035668

659 boopmooplesden the Carver (level 7, -4/75 HPs)
             Began as a Minotaur Berserker on Dec 8, 2022.
             Was an Elder of Trog.
             Slain by an orc warrior
             ... wielding a +0 halberd
              (12 damage)
             ... in the Dungeon (Sprint IX: "|||||||||||||||||||||||||||||").
             The game lasted 00:00:48 (702 turns).

boopmooplesden the Carver (Minotaur Berserker)       Turns: 702, Time: 00:00:48

Health: -4/75      AC:  7    Str: 21    XL:     7   Next: 30%
Magic:  6/6        EV: 15    Int:  4    God:    Trog [****..]
Gold:   0          SH:  0    Dex: 12    Spells: 6/6 levels left

rFire   . . .      SeeInvis .   k - +2 scimitar (flame)
rCold   . . .      Faith    .   (no shield)
rNeg    . . .      Spirit   .   m - +2 ring mail
rPois   .          Reflect  .   (helmet restricted)
rElec   .          Harm     .   l - +0 cloak
rCorr   .          Rampage  .   (no gloves)
Will    .....      NoTele   +   (no boots)
Stlth   +.........              (no amulet)
HPRegen 0.22/turn               o - +2 ring of protection
MPRegen 0.10/turn               n - +2 ring of evasion

@: weakened, corroded, on berserk cooldown, slowed, very slow
A: horns 2, retaliatory headbutt
a: Renounce Religion, Berserk, Trog's Hand, Brothers in Arms


You were in the Dungeon.
You worshipped Trog.
Trog was greatly pleased with you.
You visited 1 branch

Inventory:

Hand Weapons
 a - a +0 falchion
 k - a +2 scimitar of flaming (weapon)
Armour
 b - a +0 animal skin
 l - a +0 cloak (worn)
 m - a +2 ring mail (worn)
Jewellery
 n - a +2 ring of evasion (right hand)
 o - a +2 ring of protection (left hand)
Wands
 j - a wand of roots (10)
Scrolls
 h - 2 scrolls of blinking
Potions
 c - 5 potions of curing
 d - 3 potions of heal wounds
 e - a potion of haste
 f - 4 potions of magic
 g - a potion of berserk rage
 i - a potion of invisibility


   Skills:
 + Level 11.9 Fighting
 + Level 12.6 Long Blades
 + Level 6.1 Armour
 + Level 6.8 Dodging
 + Level 1.1 Stealth


You had 6 spell levels left.
You didn't know any spells.
Your spell library was empty.

Dungeon Overview and Level Annotations

Branches:
Dungeon (1/1)

Altars:
Cheibriados
Dithmenos
Elyvilon
Fedhas
Gozag
Hepliaklqana
Kikubaaqudgha
Makhleb
Nemelex Xobeh
Okawaru
Qazlal
Ru
Sif Muna
Trog
Uskayaw
Vehumet
Wu Jian
Xom
Yredelemnul
Zin
The Shining One
Jiyva
Lugonu


Innate Abilities, Weirdness & Mutations

You have a pair of horns on your head.
You reflexively headbutt those who attack you in melee.


Message History

You slash the orc warrior! You burn the orc warrior.
You kill the orc warrior!
Trog accepts your kill.
Your Long Blades skill increases to level 12!
You have reached level 7!
The orc warrior hits you but does no damage.
The acid dragon barely misses you. The acid dragon claws you.
Things that are here:
a +0 mace; a +0 chain mail You barely miss the acid dragon.
Your headbutt misses the acid dragon. You barely miss the acid dragon.
The gnoll bouda gazes fiercely through you!
You feel as though you will be weak longer.
The acid dragon spits acid at you. The splash of acid hits you!!
The acid corrodes you!
The orc warrior hits you from afar with a +0 halberd!
You hit the acid dragon. You burn the acid dragon.
You headbutt the acid dragon!
The acid dragon is heavily wounded.
You hit the acid dragon. You burn the acid dragon.
The acid dragon is severely wounded.
The orc warrior hits you from afar with a +0 halberd!!
The acid dragon misses you. You furiously retaliate!
You headbutt the acid dragon, but do no damage.
The acid dragon claws you.
You hit the acid dragon. You burn the acid dragon.
The acid dragon is severely wounded.
You hit the acid dragon. You burn the acid dragon.
You kill the acid dragon!
Trog accepts your kill.
You are no longer berserk.
You are exhausted.
You feel yourself slow down. The orc warrior barely misses you.
Your Armour skill increases to level 6!
The orc warrior completely misses you.
You hit the orc warrior but do no damage.
The orc warrior hits you with a +0 halberd!!
* * * LOW HITPOINT WARNING * * *
The orc warrior hits you with a +0 halberd!
You die... ▓▓▓▓▓▓▓▓▓▓▓▓▓▓▓▓▓▓▓▓▓▓ +..go@)†....[.)?.'____ ▓▓▓▓▓▓▓▓▓▓▓▓▓▓▓▓▓▓▓▓▓▓

You could see an orc warrior and a gnoll bouda.

Vanquished Creatures
  A troll (D)
  A yak (D)
  An acid dragon (D)
  An orc warrior (D)
  A scorpion (D)
  An iguana (D)
  A gnoll (D)
  A white imp (D)
  2 worms (D)
  A ball python (D)
  3 bats (D)
14 creatures vanquished.

Notes
Turn   | Place    | Note
-------+----------+-------------------------------------------
     0 | D        | boopmooplesden the Minotaur Berserker began the quest for
                  | the Orb.
     0 | D        | Reached XP level 1. HP: 19/19 MP: 0/0
     6 | D        | Reached skill level 4 in Long Blades
     9 | D        | Reached ** piety under Trog
    12 | D        | Reached skill level 5 in Fighting
    12 | D        | Reached skill level 5 in Long Blades
    12 | D        | Reached XP level 2. HP: 21/29 MP: 1/1
   390 | D        | Noticed a scorpion
   397 | D        | Reached *** piety under Trog
   400 | D        | Reached skill level 6 in Long Blades
   402 | D        | Reached XP level 3. HP: 37/37 MP: 2/2
   410 | D        | Killed a scorpion
   411 | D        | Reached skill level 8 in Long Blades
   411 | D        | Reached XP level 4. HP: 7/47 MP: 3/3
   438 | D        | Found a snail-covered altar of Cheibriados.
   438 | D        | Found a shadowy altar of Dithmenos.
   438 | D        | Found a white marble altar of Elyvilon.
   438 | D        | Found a blossoming altar of Fedhas.
   438 | D        | Found an opulent altar of Gozag.
   439 | D        | Found a hazy altar of Hepliaklqana.
   440 | D        | Found a viscous altar of Jiyva.
   441 | D        | Found an ancient bone altar of Kikubaaqudgha.
   442 | D        | Found a corrupted altar of Lugonu.
   443 | D        | Found a burning altar of Makhleb.
   444 | D        | Found a sparkling altar of Nemelex Xobeh.
   445 | D        | Found an iron altar of Okawaru.
   446 | D        | Found a stormy altar of Qazlal.
   447 | D        | Found a sacrificial altar of Ru.
   448 | D        | Found a shimmering blue altar of Sif Muna.
   449 | D        | Found a bloodstained altar of Trog.
   450 | D        | Found a hide-covered altar of Uskayaw.
   451 | D        | Found a radiant altar of Vehumet.
   452 | D        | Found an ornate altar of the Wu Jian Council.
   453 | D        | Found a shimmering altar of Xom.
   454 | D        | Found a basalt altar of Yredelemnul.
   455 | D        | Found a glowing silver altar of Zin.
   456 | D        | Found a glowing golden altar of the Shining One.
   681 | D        | Noticed an orc warrior
   681 | D        | Noticed an acid dragon
   681 | D        | Noticed an orc warrior
   681 | D        | Noticed a yak
   681 | D        | Noticed a troll
   685 | D        | Killed a troll
   685 | D        | Reached **** piety under Trog
   686 | D        | Reached skill level 10 in Fighting
   686 | D        | Reached skill level 10 in Long Blades
   686 | D        | Reached skill level 5 in Armour
   686 | D        | Reached skill level 5 in Dodging
   686 | D        | Reached skill level 1 in Stealth
   686 | D        | Reached XP level 5. HP: 58/58 MP: 4/4
   686 | D        | Reached XP level 6. HP: 66/66 MP: 5/5
   686 | D        | Killed a yak
   687 | D        | Reached skill level 11 in Long Blades
   693 | D        | Killed an orc warrior
   694 | D        | Reached skill level 12 in Long Blades
   694 | D        | Reached XP level 7. HP: 74/74 MP: 6/6
   702 | D        | Slain by an orc warrior

Illustrated notes

Levels and vault maps discovered:
D:        linesprint [early_d, line_temple, items_1, d_10, items_2, lair_1,
          lair_end, items_3, orc_1, orc_end, items_4, d_15, swamp_1, shoals_1,
          snake_1, spider_1, d_20, vaults_1, items_5, swamp_end, shoals_end,
          snake_end, spider_end, vaults_end, d_27, items_6, zot_1, zot_end,
          crypt_end, forest_end, elf_end, slime_end, tomb_end, abyss_end,
          pan_hell_end]

Skill      XL: |  1  2  3  4  5  6  7 |
---------------+----------------------+-----
Fighting       | 5 6 7 10 11 | 11.9
Long Blades    | 5 6 8 10 12 | 12.6
Armour         | 3 5 6 |  6.1
Dodging        | 3 4 5 6 |  6.8
Stealth        | 1 |  1.1

Action                   |  1- 3 |  4- 6 |  7- 9 || total
-------------------------+-------+-------+-------++-------
Melee: Falchion          |    27 |       |       ||    27
       Headbutt          |     7 |     1 |     1 ||     9
       Punch             |     1 |     1 |       ||     2
       Scimitar          |       |    10 |     7 ||    17
Invok: Berserk           |     1 |     1 |       ||     2
Armor: Animal skin       |     4 |       |       ||     4
       Ring mail         |       |     3 |     1 ||     4
Dodge: Dodged            |    15 |     5 |     4 ||    24
